 Dungeon Crawl Stone Soup version 0.20-a0-501-g0de2c2e (webtiles) character file.

83 Devintownsend the Chopper (level 4, -4/40 HPs)
             Began as a Hill Orc Fighter on Jan 20, 2017.
             Slain by Devintownsend's ghost (15 damage)
             ... on level 3 of the Dungeon.
             The game lasted 00:06:46 (2091 turns).

Devintownsend the Chopper (Hill Orc Fighter)        Turns: 2091, Time: 00:06:46

Health: -4/40      AC:  7    Str: 22    XL:     4   Next: 44%
Magic:  4/4        EV:  7    Int:  8    God:
Gold:   90         SH:  9    Dex: 10    Spells: 3/3 levels left

rFire    . . .     SeeInvis .   a - +0 war axe
rCold    . . .     Gourm    .   b - +0 scale mail
rNeg     . . .     Faith    .   c - +0 shield
rPois    .         Spirit   .   (no helmet)
rElec    .         Reflect  .   (no cloak)
rCorr    .         Harm     .   (no gloves)
MR       .....     Rnd*Tele +   (no boots)
Stlth    ..........             (no amulet)
Regen    0.2/turn               o - +3 ring of strength
                                m - ring of teleportation (curse)

@: no status effects
A: no striking features
a: no special abilities


You were on level 3 of the Dungeon.
You were very hungry.

You visited 1 branch of the dungeon, and saw 3 of its levels.

You collected 90 gold pieces.

Inventory:

Hand Weapons
 a - a +0 war axe (weapon)
Armour
 b - a +0 scale mail (worn)
 c - a +0 shield (worn)
 p - a +0 pair of boots
 q - a cursed +0 buckler
Jewellery
 m - a cursed ring of teleportation (left hand)
 o - a +3 ring of strength (right hand)
 w - an uncursed ring of ice {unknown}
Wands
 n - a wand of lightning (6/15)
Scrolls
 g - 4 scrolls of identify {unknown}
 h - a scroll of magic mapping {unknown}
 l - 3 scrolls of remove curse {unknown}
 s - a scroll of blinking {unknown}
 t - 3 scrolls of fear {unknown}
 v - 2 scrolls of teleportation {unknown}
Potions
 d - a potion of might
 e - a potion of degeneration {unknown}
 j - 2 potions of heal wounds {unknown}
 k - 3 potions of haste {unknown}
 u - a potion of mutation {unknown}
 x - a potion of brilliance {unknown}
Comestibles
 f - 4 bread rations
 i - a slice of pizza
 r - 2 meat rations
 z - a beef jerky


   Skills:
 + Level 4.1 Fighting
 + Level 4.5 Axes
 + Level 3.8 Armour
 - Level 0.1 Stealth
 + Level 3.7 Shields


You had 3 spell levels left.
You didn't know any spells.

Dungeon Overview and Level Annotations

Branches:
Dungeon (3/15)

Altars:
Nemelex Xobeh
The Shining One

Annotations:
D:3 Crazy Yiuf; Devintownsend's ghost, amateur HOFi; Ijyb


Message History

Devintownsend's ghost is heavily damaged.
You block Devintownsend's ghost's attack.
You hit Devintownsend's ghost.
Devintownsend's ghost is heavily damaged.
You block Devintownsend's ghost's attack.
You closely miss Devintownsend's ghost.
Devintownsend's ghost is heavily damaged.
Devintownsend's ghost hits you. x2
You slash Devintownsend's ghost!
Devintownsend's ghost is severely damaged.
Devintownsend's ghost hits you but does no damage.
You closely miss Devintownsend's ghost.
Devintownsend's ghost is severely damaged.
You block Devintownsend's ghost's attack.
Devintownsend's ghost hits you.
* * * LOW HITPOINT WARNING * * *
You hit Devintownsend's ghost.
Devintownsend's ghost is severely damaged.
Devintownsend's ghost hits you!
You die...

.#
####....####.......####
.# #....# #........# ##
#....# ####.#####
#...## #.# ##.##
####'####### #.##
#........... ##.#
###......... #.##
#...†....... ##@#
##.......... #W#
#...........


gg. ############ #...# #..)# ##### You could see Ijyb, Crazy Yiuf and
Devintownsend's ghost.

Vanquished Creatures
  2 adders (D:3)
  An ooze (D:3)
  2 worms
  A leopard gecko (D:1)
  5 orcs (D:3)
  8 bats
  3 giant cockroaches
  9 goblins
  3 jackals (D:3)
  A quokka (D:3)
  3 frilled lizards
  8 kobolds
  2 rats
  2 plants (D:1)
50 creatures vanquished.

Notes
Turn   | Place    | Note
-------+----------+-------------------------------------------
     0 | D:1      | Devintownsend the Hill Orc Fighter began the quest for the Orb.
     0 | D:1      | Reached XP level 1. HP: 19/19 MP: 1/1
   179 | D:1      | Reached XP level 2. HP: 24/27 MP: 2/2
   917 | D:2      | Reached XP level 3. HP: 18/33 MP: 3/3
   961 | D:2      | Found a glowing golden altar of the Shining One.
  1566 | D:3      | Reached XP level 4. HP: 40/40 MP: 4/4
  1577 | D:3      | Found a runed door.
  1733 | D:3      | Found a sparkling altar of Nemelex Xobeh.
  2081 | D:3      | Noticed Crazy Yiuf
  2081 | D:3      | Noticed Ijyb
  2081 | D:3      | Noticed Devintownsend's ghost (amateur HOFi)
  2091 | D:3      | Slain by Devintownsend's ghost

Vault maps used:
D:1:      roderic_crop_circles_arrival_small
D:2:      tso_metal_star
D:3:      nemelex_altar_shiori, first_bread, uniq_crazy_yiuf_cottage, uniq_iyjb

Skill      XL: |  1  2  3 |
---------------+----------+-----
Axes           | 3 4 |  4.5
Fighting       | 4 |  4.1
Armour         | |  3.8
Stealth        | |  0.1
Shields        | |  3.7

Action                   |  1- 3 |  4- 6 || total
-------------------------+-------+-------++-------
Melee: War axe           |   175 |    41 ||   216
  Eat: Chunk             |     2 |     1 ||     3
Armor: Scale mail        |    75 |    23 ||    98
Dodge: Dodged            |    46 |     7 ||    53
Block: Shield            |    85 |    25 ||   110
